 Dungeon Crawl Stone Soup version 0.18-a0-33-g9e10395 (webtiles) character file.

1477 Hanyuu the Insei (level 8, -3/52 HPs)
             Began as an Octopode Transmuter on Nov 6, 2015.
             Killed from afar by an orc wizard (5 damage)
             ... with a magic dart
             ... on level 6 of the Dungeon.
             The game lasted 00:19:49 (7672 turns).

Hanyuu the Insei (Octopode Transmuter)              Turns: 7672, Time: 00:19:49

Health: -3/52      AC:  2    Str: 13    XL:     8   Next: 79%
Magic:  10/12      EV: 24    Int: 17    God:
Gold:   285        SH:  0    Dex: 18    Spells: 3 memorised, 7 levels left

rFire  . . .     SeeInvis .       - Unarmed
rCold  . . .     Clarity  .     (shield currently unavailable)
rNeg   . . .     SustAt   .     (helmet currently unavailable)
rPois  x         Gourm    .     (no amulet)
rElec  .         Spirit   .     h - ring of protection from magic
rCorr  .         Warding  .     s - +4 ring of strength
rMut   .         Stasis   .     (no ring)
MR     +....                    (no ring)
Stlth  ++........               (no ring)
                                (no ring)
                                (no ring)
                                (no ring)

@: spider-form (expiring), somewhat resistant to hostile enchantments,
unstealthy
A: almost no armour, amphibious, 8 rings, (constrict 8), (camouflage 0),
(gelatinous body 0)
a: End Transformation


You were on level 6 of the Dungeon.
You were hungry.
You were a venomous arachnid creature.
You visited 1 branch of the dungeon, and saw 7 of its levels.

You collected 285 gold pieces.

Inventory:

Missiles
 a - 20 arrows
 m - 6 tomahawks (quivered)
 u - 10 poisoned needles
 D - 6 arrows of frost
Jewellery
 h - a ring of protection from magic (left front leg)
 l - an uncursed amulet of guardian spirit
 s - a +4 ring of strength (right front leg)
Wands
 d - a wand of flame (46)
 k - a wand of confusion (10)
 A - a wand of frost (11)
Scrolls
 e - 2 scrolls of remove curse
 o - 2 scrolls of magic mapping
 q - 2 scrolls of random uselessness
 t - a scroll of enchant weapon {unknown}
 v - a scroll of amnesia
 y - a scroll of fear
 B - a scroll of enchant armour {unknown}
Potions
 n - a potion of flight {unknown}
 p - a potion of agility
 r - a potion of brilliance
 w - a potion of lignification {unknown}
 x - a potion of ambrosia {unknown}
 z - a potion of curing {unknown}
 E - a potion of degeneration {unknown}
Books
 b - a book of Changes

   Spells                             Type                      Level
   a - Beastly Appendage              Transmutation                1
   b - Sticks to Snakes               Transmutation                2
   c - Spider Form                    Transmutation/Poison         3
   d - Ice Form                       Ice/Transmutation            4
   e - Blade Hands                    Transmutation                5
Comestibles
 c - 4 bread rations
 f - a fruit
 g - 3 meat rations
 i - a beef jerky
 j - a royal jelly
 C - a slice of pizza


   Skills:
 + Level 3.4 Fighting
 + Level 5.8 Dodging
 - Level 7.0 Unarmed Combat
 - Level 3.0 Spellcasting
 - Level 5.1 Transmutations
 - Level 1.0 Poison Magic


You had 7 spell levels left.
You knew the following spells:

 Your Spells              Type           Power        Failure   Level  Hunger
a - Beastly Appendage     Trmt           ###...       10%         1    None
b - Sticks to Snakes      Trmt           ###.......   12%         2    ##.....
c - Spider Form           Trmt/Pois      ##........   36%         3    ###....


Dungeon Overview and Level Annotations

Branches:
Dungeon (7/15)             Temple (0/1) D:7

Altars:
Fedhas
Zin


Innate Abilities, Weirdness & Mutations

You cannot wear most types of armour.
You are amphibious.
You can wear up to eight rings at the same time.
((You can use your tentacles to constrict eight enemies at once.))
((Your skin changes colour to match your surroundings (Stealth).))
((Your rubbery body absorbs attacks (AC +1).))


Message History

The orc warrior is severely wounded.
Something closely misses you. The orc warrior completely misses you.
You hit the orc warrior but do no damage.
The orc warrior is severely wounded.
Something closely misses you.
The orc warrior hits you with a glaive of protection!!
* * * LOW HITPOINT WARNING * * *
You hit the orc warrior but do no damage.
The orc warrior is severely wounded.
Something barely misses you.
You hit the orc warrior but do no damage.
The orc warrior is almost dead.
You kill the orc warrior!
Something barely misses you. Something hits you!
* * * LOW HITPOINT WARNING * * *
You hit something but do no damage.
You hear some strange, mumbled words.
A magic dart appears from out of thin air!
The magic dart hits you!
You die...

#.# #.................
#.#######.## ..
##.##...#........
#...........
...+................
.....####.##
...##.##............ .....#
.. ......##....#..#####
.....#####..#####...........#
.........# .............##.##
.........#.###.)#.......##.#
.........#.....{s.......# .#
<............#..#....)..#
#...######...#..#.......#
....# #.#.#..........# #
###.# ##.#....#.......##.#
#.# #..................# #.#
#...............### # #.#
#........#......# ###.#
#......#.#......#


There were no monsters in sight!

Vanquished Creatures
  Grinder (D:5)
  A water moccasin (D:6)
  An ogre (D:4)
  2 orc warriors (D:6)
  Blork the orc (D:5)
  A water moccasin skeleton (D:6)
  A crimson imp (D:4)
  A hound (D:4)
  A jelly (D:6)
  3 orc priests
  A centaur skeleton (D:4)
  5 orc wizards
  Jessica (D:3)
  2 worker ants
  Natasha (twice) (D:3)
  5 iguanas
  A worker ant zombie (D:6)
  A hound skeleton (D:6)
  7 adders
  An adder skeleton (D:5)
  A worm (D:4)
  2 giant geckos (D:4)
  29 orcs
  5 giant cockroaches
  6 hobgoblins
  2 ball pythons
  3 bats
  A giant gecko zombie (D:7)
  7 giant newts
  11 goblins
  2 jackals (D:4)
  2 jackal skeletons
  5 kobolds
  A quokka (D:2)
  A quokka skeleton (D:5)
  9 rats
126 creatures vanquished.

Vanquished Creatures (others)
  Natasha (D:3)
1 creature vanquished.

Grand Total: 127 creatures vanquished

Notes
Turn   | Place    | Note
--------------------------------------------------------------
     0 | D:1      | Hanyuu the Octopode Transmuter began the quest for the Orb.
     0 | D:1      | Reached XP level 1. HP: 13/13 MP: 3/3
   179 | D:1      | Reached XP level 2. HP: 18/18 MP: 5/5
   714 | D:2      | Found a faded altar to an unknown god.
   898 | D:2      | Reached skill level 4 in Unarmed Combat
   898 | D:2      | Reached XP level 3. HP: 16/23 MP: 4/6
   904 | D:2      | Learned a level 2 spell: Sticks to Snakes
   918 | D:2      | Learned a level 3 spell: Spider Form
  1548 | D:3      | Noticed Jessica
  1557 | D:3      | Reached skill level 1 in Poison Magic
  1569 | D:3      | Killed Jessica
  1569 | D:3      | Reached XP level 4. HP: 27/29 MP: 4/7
  1923 | D:3      | Noticed Natasha
  2974 | D:3      | Killed Natasha
  2974 | D:3      | Reached XP level 5. HP: 34/34 MP: 4/8
  3531 | D:3      | Noticed Natasha
  3537 | D:3      | Killed Natasha
  3898 | D:3      | Noticed Natasha
  3919 | D:3      | Killed Natasha
  4160 | D:4      | Noticed an ogre
  4227 | D:4      | Killed an ogre
  4227 | D:4      | Reached skill level 5 in Unarmed Combat
  4227 | D:4      | Reached XP level 6. HP: 39/39 MP: 6/9
  4550 | D:4      | Reached XP level 7. HP: 30/45 MP: 10/10
  4904 | D:4      | Reached skill level 6 in Unarmed Combat
  5510 | D:5      | Entered Level 5 of the Dungeon
  5521 | D:5      | Noticed Grinder
  5538 | D:5      | Killed Grinder
  5617 | D:5      | Noticed Blork the orc
  5638 | D:5      | Killed Blork the orc
  5638 | D:5      | Reached skill level 5 in Transmutations
  5638 | D:5      | Reached XP level 8. HP: 23/50 MP: 9/11
  5967 | D:5      | Reached skill level 5 in Dodging
  6103 | D:5      | Found a blossoming altar of Fedhas.
  6111 | D:5      | Found a glowing silver altar of Zin.
  7480 | D:6      | Reached skill level 7 in Unarmed Combat
  7671 | D:6      | HP: 2/52 [something (10)]
  7672 | D:6      | Killed from afar by an orc wizard

Vault maps used:
D:1:      dpeg_arrival_lava_altar
D:2:      ecumenical_altar_1
D:3:      first_bread, uniq_natasha, uniq_jessica
D:5:      amethyst_overflow_temple_binary, serial_bayou_pond_e, uniq_grinder,
          uniq_blork_the_orc
D:7:      minmay_temple_entry_statues_fountains

Action                   |  1- 3 |  4- 6 |  7- 9 || total
-------------------------+-------+-------+-------++-------
Melee: Unarmed           |    79 |   110 |   178 ||   367
Throw: Tomahawk          |       |       |     1 ||     1
 Cast: Beastly Appendage |     4 |     2 |     4 ||    10
       Spider Form       |     1 |     9 |    14 ||    24
  Use: Scroll            |       |     4 |     7 ||    11
       Potion            |       |     1 |     1 ||     2
 Stab: Sleeping          |     5 |     5 |     3 ||    13
       Distracted        |       |     1 |     2 ||     3
  Eat: Chunk             |     2 |     6 |     7 ||    15
       Fruit             |       |     5 |     5 ||    10
